 Dungeon Crawl Stone Soup version 0.29.0-4-gdea44cf6ec (webtiles) character file.

Game seed: 730471463173875173

133 qw the Ruffian (level 5, -3/40 HPs)
             Began as a Ghoul Fire Elementalist on Aug 30, 2022.
             Slain by Edmund
             ... wielding a +1 flail of draining
              (11 damage)
             ... on level 4 of the Dungeon.
             The game lasted 00:02:58 (3565 turns).

qw the Ruffian (Ghoul Fire Elementalist)            Turns: 3565, Time: 00:02:58

Health: -3/40      AC:  6    Str: 14    XL:     5   Next: 16%
Magic:  6/6        EV:  6    Int: 10    God:
Gold:   195        SH: 11    Dex: 12    Spells: 6/7 levels left

rFire   + . .      SeeInvis .     - Unarmed
rCold   + . .      Faith    .   f - +0 tower shield
rNeg    + + +      Spirit   .   d - +0 ring mail
rPois   inf        Reflect  .   (no helmet)
rElec   .          Harm     .   (no cloak)
rCorr   +          Rampage  .   h - +0 pair of gloves
Will    .....                   (no boots)
Stlth   +.........              (no amulet)
HPRegen 0.00/turn               j - ring "Yxtitepn" {rF+ rCorr Dex+3}
MPRegen 0.10/turn               (no ring)

@: inhibited regen
A: claws 1, cold resistance 1, negative energy resistance 3, inhibited
regeneration, torment resistance 2, devour on kill
a: no special abilities


You were on level 4 of the Dungeon.
You visited 1 branch of the dungeon, and saw 4 of its levels.

You collected 195 gold pieces.


Innate Abilities, Weirdness & Mutations

You are immune to poison.
You have sharp fingernails.
Your flesh is cold resistant. (rC+)
You are immune to negative energy. (rN+++)
You do not regenerate when monsters are visible.
You are immune to unholy pain and torment.
You thrive by killing the living.


   Skills:
 - Level 1.2 Fighting
 - Level 1.7 Dodging
 - Level 2.1 Stealth
 + Level 2.1 Shields
 - Level 3.8 Unarmed Combat
 - Level 1.7 Spellcasting
 - Level 0.7 Conjurations
 - Level 2.4 Fire Magic


You had 6 spell levels left.
You knew the following spells:

 Your Spells              Type           Power      Damage    Failure   Level
a - Foxfire               Conj/Fire      16%        2x1d4     99%         1

Your spell library contained the following spells:

 Spells                   Type           Power      Damage    Failure   Level
 Scorch                   Fire           10%        2d5       99%         2
 Conjure Flame            Conj/Fire      4%         6-21      100%        3
 Inner Flame              Hex/Fire       3%         N/A       100%        3
 Flame Wave               Conj/Fire      4%         2d5       100%        4

Inventory:

Armour
 d - a +0 ring mail (worn)
 f - a +0 tower shield (worn)
 h - a +0 pair of gloves (worn)
Jewellery
 j - the ring "Yxtitepn" (left hand) {rF+ rCorr Dex+3}
   (You found it on level 3 of the Dungeon)

   [ring of protection from fire]

   Dex:       It affects your dexterity (+3).
   rF:        It protects you from fire.
   rCorr:     It protects you from acid and corrosion.
Scrolls
 k - 2 scrolls of enchant weapon
 l - 3 scrolls of brand weapon
 n - a scroll of identify
Potions
 a - a potion of resistance
 b - a potion of heal wounds {unknown}
 c - a potion of curing
 e - a potion of might
 g - a potion of haste
 i - a potion of cancellation

Dungeon Overview and Level Annotations

Branches:
Dungeon (4/15)
 Temple: D:4-7

Altars:
Gozag
Kikubaaqudgha
Ru
Wu Jian

Annotations:
D:4 Edmund


Message History

Edmund is lightly wounded.
You block Edmund's attack.
Edmund hits you with a +1 flail of draining.
You hit Edmund.
Edmund is moderately wounded.
Edmund hits you but does no damage. You block Edmund's attack.
You hit Edmund.
Edmund is moderately wounded.
You block Edmund's attack.
Edmund hits you with a +1 flail of draining.
You hit Edmund but do no damage.
Edmund is moderately wounded.
Edmund barely misses you.
Edmund hits you with a +1 flail of draining.
You closely miss Edmund.
Edmund is moderately wounded.
Edmund hits you with a +1 flail of draining. x2
You barely miss Edmund.
Edmund is moderately wounded.
You block Edmund's attack. x2
You barely miss Edmund.
Edmund is moderately wounded.
You block Edmund's attack. Edmund hits you but does no damage.
You hit Edmund but do no damage.
Edmund is moderately wounded.
Edmund hits you with a +1 flail of draining.
You block Edmund's attack.
You hit Edmund.
Edmund is moderately wounded.
You block Edmund's attack. Edmund hits you but does no damage.
You hit Edmund.
Edmund is heavily wounded.
You block Edmund's attack. x2
You hit Edmund but do no damage.
Edmund is heavily wounded.
You block Edmund's attack. Edmund barely misses you.
You closely miss Edmund.
Edmund is heavily wounded.
Edmund hits you with a +1 flail of draining!
You die...

........7.7..#
........7.7..#
........7.7..# .
.............# ..
#............#####
g..
#.#####.##........
....
#.##....#####.7.7.
...[. #.##.####
#<)....
......##@...#
##.7.7.
.......@.####
###...
S#.#<#.#....<...
7. ...######### #
....# ......
###.## #. #


You could see Edmund (fast).

Vanquished Creatures
  9 adders
  2 worms
  2 dart slugs
  4 ball pythons
  2 bats (D:1)
  2 endoplasms
  4 giant cockroaches
  5 goblins
  A hobgoblin (D:2)
  3 quokkas
  6 kobolds
  6 rats
46 creatures vanquished.

Notes
Turn   | Place    | Note
-------+----------+-------------------------------------------
     0 | D:1      | qw the Ghoul Fire Elementalist began the quest for the Orb.
     0 | D:1      | Reached XP level 1. HP: 14/14 MP: 2/2
     0 | D:1      | 0 ||| qw: Version: 0.1-a-90-g952f4b7
     0 | D:1      | 0 ||| qw: Game counter: 4268
     0 | D:1      | 0 ||| qw: Always use a shield: true
     0 | D:1      | 0 ||| qw: God list: Okawaru
     0 | D:1      | 0 ||| qw: Allow faded altars: false
     0 | D:1      | 0 ||| qw: Do Orc after D:15 true
     0 | D:1      | 0 ||| qw: Do second Lair branch before Depths: true
     0 | D:1      | 0 ||| qw: Lair rune preference: random
     0 | D:1      | 0 ||| qw: Plans: Normal
     0 | D:1      | 0 ||| PLANNING D:1-11
    54 | D:1      | Reached skill level 1 in Unarmed Combat
   249 | D:1      | Reached skill level 1 in Fighting
   249 | D:1      | Reached XP level 2. HP: 22/23 MP: 3/3
   764 | D:1      | 764 ||| UPGRADING to +0 ring mail.
   774 | D:1      | 774 ||| DROPPING +0 robe.
   775 | D:1      | 775 ||| UPGRADING to +0 pair of gloves.
   780 | D:1      | 780 ||| READING scroll labelled ALLISK YSSYZYU.
   781 | D:1      | 781 ||| READING scroll labelled OROSMI SOXYANE.
   782 | D:1      | 782 ||| READING scroll labelled FEKAUFR WO WUFFOU.
   783 | D:1      | 783 ||| READING scroll labelled IWEDUK XIBRIS.
   784 | D:1      | 784 ||| READING 4 scrolls labelled CIOHO BEAPEMAZ.
   785 | D:1      | 785 ||| READING 2 scrolls labelled KITAPI KIXABIK.
   786 | D:1      | 786 ||| DRINKING 2 yellow potions.
   787 | D:1      | 787 ||| DRINKING 2 lumpy grey potions.
   788 | D:1      | 788 ||| DROPPING potion of magic.
   843 | D:2      | Reached skill level 2 in Unarmed Combat
   847 | D:2      | 847 ||| FLEEEEING.
   848 | D:2      | 848 ||| FLEEEEING.
   849 | D:2      | 849 ||| FLEEEEING.
   850 | D:2      | 850 ||| FLEEEEING.
   854 | D:2      | 854 ||| STAIRDANCE
   981 | D:2      | Reached XP level 3. HP: 18/28 MP: 4/4
  1089 | D:2      | 1089 ||| Stepping randomly (stuck).
  1251 | D:2      | Reached skill level 3 in Unarmed Combat
  1460 | D:2      | Found a faded altar of an unknown god.
  1482 | D:2      | Reached XP level 4. HP: 32/35 MP: 5/5
  1877 | D:2      | 1877 ||| UPGRADING to +0 tower shield.
  1882 | D:2      | 1882 ||| DRINKING 2 green potions.
  1883 | D:2      | 1883 ||| DRINKING 2 white potions.
  1884 | D:2      | 1884 ||| DRINKING 2 smoky orange potions.
  1985 | D:2      | 1985 ||| DROPPING potion of ambrosia.
  2061 | D:3      | Identified the ring "Yxtitepn" {rF+ rCorr Dex+3}
  2064 | D:3      | 2064 ||| Stepping ~*~*~tactically~*~*~ (stealth).
  2174 | D:3      | Reached skill level 1 in Shields
  2460 | D:3      | 2460 ||| Stepping ~*~*~tactically~*~*~ (stealth).
  2467 | D:3      | 2467 ||| Stepping ~*~*~tactically~*~*~ (stealth).
  2535 | D:3      | Found an ancient bone altar of Kikubaaqudgha.
  2687 | D:3      | Reached XP level 5. HP: 40/40 MP: 6/6
  2811 | D:3      | Found an opulent altar of Gozag.
  2813 | D:3      | Found a sacrificial altar of Ru.
  2814 | D:3      | Found an ornate altar of the Wu Jian Council.
  2849 | D:3      | 2849 ||| Stepping ~*~*~tactically~*~*~ (hiding).
  2951 | D:3      | 2951 ||| Stepping ~*~*~tactically~*~*~ (hiding).
  3053 | D:3      | 3053 ||| Stepping ~*~*~tactically~*~*~ (hiding).
  3155 | D:3      | 3155 ||| Stepping ~*~*~tactically~*~*~ (hiding).
  3268 | D:3      | 3268 ||| UPGRADING to ring "Yxtitepn" {rF+ rCorr Dex+3}.
  3269 | D:3      | 3269 ||| DROPPING ring of magical power.
  3270 | D:3      | 3270 ||| READING scroll labelled HODIPT BYRCH.
  3371 | D:3      | 3371 ||| READING 2 scrolls of identify.
  3371 | D:3      | 3371 ||| IDENTIFYING sedimented grey potion
  3471 | D:4      | 3471 ||| STAIRDANCE
  3539 | D:4      | Noticed Edmund
  3542 | D:4      | 3542 ||| Stepping ~*~*~tactically~*~*~ (stealth).
  3544 | D:4      | 3544 ||| Stepping ~*~*~tactically~*~*~ (stealth).
  3561 | D:4      | HP: 8/40 [Edmund/+1 flail of draining (3)]
  3565 | D:4      | Slain by Edmund

Levels and vault maps discovered:
D:1:      minmay_arrival_plants_in_alcoves, layout_rooms
D:2:      layout_basic, shapermc_ecumenical_altar_rom_forum, serial_glass,
          glass_columns_a, glass_columns_b, glass_columns_a, glass_columns_c,
          minmay_strange_pillars, minmay_strange_pillars, basic_altar
D:3:      layout_basic, grunt_temple_overflow_open, nicolae_overflow_squiral
D:4:      layout_basic, serial_forest, infiniplex_forest_end_1,
          infiniplex_forest_lined_corner, infiniplex_forest_clump_curved,
          infiniplex_forest_clump_diagonal, infiniplex_forest_diagonal,
          infiniplex_forest_zigzag_1, infiniplex_forest_straight_3,
          infiniplex_forest_straight_2, infiniplex_forest_corner_2,
          uniq_grinder, uniq_edmund

Skill      XL: |  1  2  3  4  5 |
---------------+----------------+-----
Unarmed Combat | 1 2 3 |  3.8
Fighting       | 1 |  1.2
Shields        | 1 2 |  2.1
Dodging        | |  1.7
Stealth        | |  2.1
Spellcasting   | |  1.7
Conjurations   | |  0.7
Fire Magic     | |  2.4

Action                   |  1- 3 |  4- 6 || total
-------------------------+-------+-------++-------
Melee: Unarmed           |   133 |   156 ||   289
       Punch             |     5 |       ||     5
  Use: Scroll            |     6 |     2 ||     8
       Potion            |     2 |     3 ||     5
Armor: Robe              |     7 |       ||     7
       Ring mail         |    31 |    74 ||   105
Dodge: Dodged            |    68 |    38 ||   106
Block: Tower shield      |       |    81 ||    81

Table legend:
 A = Non-vault XP
 B = Vault XP
 C = Vault XP percentage of total XP
 D = Non-vault monster count
 E = Vault monster count
 F = Vault count percentage of total count
                 A         B        C        D         E       F
            +---------+---------+-------+---------+---------+-------
      Total |     190 |       0 |   0.0 |      46 |       0 |   0.0
            +---------+---------+-------+---------+---------+-------
        D:1 |      21 |       0 |   0.0 |      11 |       0 |   0.0
        D:2 |      84 |       0 |   0.0 |      20 |       0 |   0.0
        D:3 |      70 |       0 |   0.0 |      13 |       0 |   0.0
        D:4 |      15 |       0 |   0.0 |       2 |       0 |   0.0
            +---------+---------+-------+---------+---------+-------
